[Event "*** SCC Grand Prix: Titled Tuesday Blitz"]
[Site "Chess.com"]
[Date "2020.08.25"]
[Round "1"]
[White "Skatchkov_V"]
[Black "kasparicy"]
[Result "1-0"]
[WhiteElo "2672"]
[BlackElo "2340"]
[TimeControl "180+1"]
[EndTime "10:05:31 PDT"]
[Termination "Skatchkov_V won by resignation"]

1. d4 Nf6 2. c4 g6 3. Nf3 Bg7 4. g3 O-O 5. Bg2 d5 6. cxd5 Nxd5 7. O-O a5 8. Nc3 Nb6 9. e3 Nc6 10. Re1 Bg4 11. h3 Bd7 12. e4 Qc8 13. Kh2 a4 14.
Bf4 Ra5 15. d5 Rd8 16. dxc6 Bxh3 17. Bxh3 Rh5 18. Nh4 Qb8 19. Qe2 bxc6 20. Rad1 a3 21. Rxd8+ Qxd8 22. Rd1 Qa8 23. Bxc7 axb2 24. Qxb2 Nc4 25.
Qb3 Nd6 26. Bxd6 exd6 27. Rxd6 g5 28. Qd1 Qa3 29. Rd8+ 1-0

[Event "*** SCC Grand Prix: Titled Tuesday Blitz"]
[Site "Chess.com"]
[Date "2020.08.25"]
[Round "1"]
[White "tsvet2005"]
[Black "HanSchut"]
[Result "1-0"]
[WhiteElo "2576"]
[BlackElo "2252"]
[TimeControl "180+1"]
[EndTime "10:05:31 PDT"]
[Termination "tsvet2005 won by resignation"]

1. d4 Nf6 2. c4 g6 3. Nc3 d5 4. Nf3 Bg7 5. h4 c6 6. cxd5 cxd5 7. Bf4 Nc6 8. e3 h6 9. Qb3 Na5 10. Qa3 Nc6 11. Bd3 O-O 12. O-O Bg4 13. Ne5 Nxe5 14.
dxe5 Ne8 15. Rac1 e6 16. Bg3 a6 17. e4 Nc7 18. f3 Bh5 19. exd5 Nxd5 20. Nxd5 Qxd5 21. Be4 Qd4+ 22. Kh1 Bxe5 23. Rfd1 Qxb2 24. Qxb2 Bxb2 25. Rb1 Bf6 26. Bd6 Rfd8 27. g4 Bxg4 28. fxg4 Bxh4 29. Bxb7 Ra7 30. Bc6 Bf6 31. Bb8 Rxd1+ 32.
Rxd1 Re7 33. Rd8+ Kg7 34. Bd6 Ra7 35. Rc8 Be7 36. Bb8 Bc5 37. Bxa7 Bxa7 38. Ra8 Bd4 39.
Rxa6 f5 40. gxf5 gxf5 41. Bd7 1-0

[Event "*** SCC Grand Prix: Titled Tuesday Blitz"]
[Site "Chess.com"]
[Date "2020.08.25"]
[Round "1"]
[White "snowlord"]
[Black "eCztery"]
[Result "1-0"]
[WhiteElo "2828"]
[BlackElo "2414"]
[TimeControl "180+1"]
[EndTime "10:05:32 PDT"]
[Termination "snowlord won by resignation"]

1. d4 Nf6 2. c4 e6 3. Nf3 d5 4.
g3 dxc4 5. Bg2 c5 6. O-O Nc6 7.
Na3 cxd4 8. Nxc4 Be7 9. b3 O-O 10. Bb2 Rb8 11. Nxd4 Nxd4 12. Bxd4 b6 13. Be5 Bb7 14.
Qxd8 Rfxd8 15. Bxb8 Bxg2 16. Kxg2 Rxb8 17. Ne5 Ne4 18.
Nc6 Re8 19. f3 Nc3 20. Nxe7+ Rxe7 21. Rac1 Rc7 22. Rc2 b5 23. b4 Rc4 24. Rfc1 Nd5 25. Rxc4 Ne3+ 26. Kf2 Nxc4 27. a4 a6 28. Rd1 Kf8 29.
axb5 axb5 30. Rd7 Ke8 31. Rb7 Nd6 32. Ra7 Nc8 33. Ra5 Nd6 34. e4 e5 35. Ke2 Kd7 36. Kd3 Kc6 37. Ra6+ Kc7 38. f4 f6 39. h4 h6 40. h5 Nb7 41. fxe5 fxe5 42. Rg6 Nd6 43.
Rxg7+ Kc6 44. Rg6 Kd7 45. Rxh6 Nf7 46. Rb6 1-0

[Event "*** SCC Grand Prix: Titled Tuesday Blitz"]
[Site "Chess.com"]
[Date "2020.08.25"]
[Round "1"]
[White "kidagent"]
[Black "arminmusovic"]
[Result "0-1"]
[WhiteElo "2258"]
[BlackElo "2585"]
[TimeControl "180+1"]
[EndTime "10:05:32 PDT"]
[Termination "arminmusovic won by resignation"]

1. e4 c6 2. d4 d5 3. Nd2 dxe4 4. Nxe4 Nf6 5. Nxf6+ exf6 6. Nf3 Bd6 7. Bd3 O-O 8.
O-O Bg4 9. h3 Bh5 10. g4 Bg6 11.
Bxg6 hxg6 12. c4 Re8 13. Be3 Nd7 14. Qd3 Rc8 15. Rad1 Nf8 16. Rfe1 Bb8 17. Bc1 Qa5 18. a3 Ne6 19. b4 Qc7 20. Kf1 Red8 21. Qb3 b5 22.
cxb5 cxb5 23. d5 Nf4 24. Nd4 Nxd5 25. Nxb5 Qh2 26. Rxd5 Qh1+ 27. Ke2 Qxd5 28. Qxd5 Rxd5 29. a4 a6 30. Na3 Bd6 0-1

[Event "*** SCC Grand Prix: Titled Tuesday Blitz"]
[Site "Chess.com"]
[Date "2020.08.25"]
[Round "1"]
[White "reutik"]
[Black "Arman_Hakemi"]
[Result "1-0"]
[WhiteElo "2270"]
[BlackElo "2552"]
[TimeControl "180+1"]
[EndTime "10:05:32 PDT"]
[Termination "reutik won by resignation"]

1. d4 Nf6 2. c4 e6 3. Nf3 b6 4. Nc3 Bb4 5. Bg5 Bb7 6. Nd2 c5 7. a3 Bxc3 8. bxc3 d6 9. f3 Nbd7 10. e4 e5 11. d5 O-O 12. Bd3 Qc7 13. O-O h6 14. Be3 a6 15. a4 Rfb8 16. Qe2 Bc8 17.
Kh1 Nf8 18. g3 Ne8 19. f4 Nd7 20. f5 f6 21. g4 Nf8 22. h4 Nh7 23. Kg2 Qe7 24.
Rh1 Bd7 25. Nf3 Nc7 26. Qd2 b5 27. axb5 axb5 28. Rxa8 Rxa8 29. cxb5 Nxb5 30. g5 hxg5 31. hxg5 Nxg5 32. Nxg5 fxg5 33. Bxg5 Qf7 34. Kg3 Bxf5 35. exf5 Qxd5 36. Rh4 Ra2 37. Bc4 Rxd2 38. Bxd2 Nc7 39. Bxd5+ Nxd5 40. Ra4 Kf7 41. Ra6 Ke7 42. c4 Nf6 43.
Bg5 1-0

[Event "*** SCC Grand Prix: Titled Tuesday Blitz"]
[Site "Chess.com"]
[Date "2020.08.25"]
[Round "1"]
[White "thedjoker98"]
[Black "Speshka"]
[Result "1-0"]
[WhiteElo "2569"]
[BlackElo "2245"]
[TimeControl "180+1"]
[EndTime "10:05:32 PDT"]
[Termination "thedjoker98 won by resignation"]

1. d4 f5 2. g3 Nf6 3. Bg2 g6 4. c4 Bg7 5. Nf3 O-O 6. O-O d6 7. Nc3 c6 8. b4 Qe8 9. Bb2 e5 10.
dxe5 dxe5 11. e4 f4 12. Qb3 Bg4 13. h3 Bd7 14. Rad1 Kh8 15. Qc2 Na6 16. a3 Qc8 17.
Kh2 fxg3+ 18. fxg3 Nh5 19. Ne2 Re8 20. Qd3 Re7 21. Qd6 Qe8 22. Nxe5 Bxe5 23. Bxe5+ Rxe5 24. Qxd7 Qxd7 25. Rxd7 Rb8 26. Rff7 Kg8 27. g4 Nf4 1-0

[Event "*** SCC Grand Prix: Titled Tuesday Blitz"]
[Site "Chess.com"]
[Date "2020.08.25"]
[Round "1"]
[White "mamey78"]
[Black "GigaQuparadze"]
[Result "0-1"]
[WhiteElo "2409"]
[BlackElo "2816"]
[TimeControl "180+1"]
[EndTime "10:05:33 PDT"]
[Termination "GigaQuparadze won by resignation"]

1. e4 c5 2. Nf3 Nc6 3. c3 d5 4.
exd5 Qxd5 5. d4 Nf6 6. dxc5 Qxc5 7. Na3 Bg4 8. Nb5 Rc8 9. Be3 Qf5 10. Nxa7 Nxa7 11.
Bxa7 Qa5 12. Qd4 Bxf3 13. gxf3 Nd7 14. O-O-O Rd8 15. Bh3 e6 16. Rhe1 Be7 17. Kb1 O-O 18. Qe3 b6 19. Bxe6 Bc5 20. Qe2 Qxa7 21. Bb3 Nf6 22. Qc4 h6 23. a4 Bxf2 24. Rf1 Bc5 25. f4 Rxd1+ 26. Rxd1 Qe7 27. Ka2 Qe4 0-1

[Event "*** SCC Grand Prix: Titled Tuesday Blitz"]
[Site "Chess.com"]
[Date "2020.08.25"]
[Round "1"]
[White "GelmanAlexander"]
[Black "Spriteball"]
[Result "1-0"]
[WhiteElo "2532"]
[BlackElo "2208"]
[TimeControl "180+1"]
[EndTime "10:05:34 PDT"]
[Termination "GelmanAlexander won by resignation"]

1. d4 d5 2. Nc3 c5 3. e4 dxe4 4.
d5 Nf6 5. Bg5 Bf5 6. Nge2 Nbd7 7. Ng3 Bg6 8. Qe2 h6 9. Bf4 a6 10. O-O-O Bh7 11. h4 Qa5 12. Kb1 O-O-O 13. Ngxe4 Nxe4 14. Nxe4 Nf6 15. Nc3 e6 16. dxe6 Rxd1+ 17. Nxd1 Nd5 18.
Bd2 Qa4 19. Qc4 Qxc4 20. Bxc4 Nb6 21. Be2 fxe6 22. Bg4 Bf5 23. Ne3 e5 24. Bxf5+ 1-0

[Event "*** SCC Grand Prix: Titled Tuesday Blitz"]
[Site "Chess.com"]
[Date "2020.08.25"]
[Round "1"]
[White "googlegoom"]
[Black "Parhamov"]
[Result "0-1"]
[WhiteElo "2450"]
[BlackElo "3014"]
[TimeControl "180+1"]
[EndTime "10:05:36 PDT"]
[Termination "Parhamov won by resignation"]

1. Nf3 d5 2. b3 Bf5 3. Bb2 h6 4. e3 Nd7 5. Be2 e6 6. d4 Ngf6 7.
Nbd2 Bd6 8. c4 O-O 9. O-O c6 10. a3 Qe7 11. b4 Rfe8 12. Qb3 Ne4 13. Rfd1 Ndf6 14. Rac1 Ng4 15. Nxe4 dxe4 16. Ne5 Bxe5 17. dxe5 Qh4 18. Bxg4 Bxg4 19. Rd4 Bf5 20. Rd7 Rad8 21.
Rcd1 Qg5 22. Kh1 Bg4 23. Rxd8 Rxd8 24. Rxd8+ Qxd8 25. Qc2 Qh4 26. Kg1 Bf3 27. gxf3 exf3 28. Bd4 Qh3 0-1

[Event "*** SCC Grand Prix: Titled Tuesday Blitz"]
[Site "Chess.com"]
[Date "2020.08.25"]
[Round "1"]
[White "vovachesss"]
[Black "Nayemhaque22"]
[Result "1-0"]
[WhiteElo "2585"]
[BlackElo "2257"]
[TimeControl "180+1"]
[EndTime "10:05:36 PDT"]
[Termination "vovachesss won by resignation"]

1. c4 Nf6 2. Nc3 g6 3. g3 Bg7 4. Bg2 O-O 5. d4 c6 6. Nf3 d5 7.
cxd5 cxd5 8. O-O Nc6 9. Ne5 Bd7 10. Bf4 e6 11. Rc1 Be8 12. Nxc6 Bxc6 13. Be5 Re8 14. b4 Qb6 15. Qb3 a6 16. a4 Bd7 17. a5 Qd8 18.
Na4 Bxa4 19. Qxa4 Rc8 20. b5 Qd7 21. Rb1 Rc4 22. Qb3 Rec8 23. bxa6 bxa6 24. e3 Ne8 25. Bf4 Nd6 26. Rfd1 Nb5 27. Bf1 Rc3 28. Bxb5 axb5 29.
Qxb5 Qxb5 30. Rxb5 Ra3 31. Rdb1 h6 32. Rb8 Rxb8 33. Rxb8+ Kh7 34. Bc7 g5 35. Ra8 f6 36.
a6 e5 37. a7 exd4 38. exd4 f5 39. Bb6 Ra1+ 40. Kg2 Kg6 41. Rc8 Bxd4 42. Bxd4 1-0

[Event "*** SCC Grand Prix: Titled Tuesday Blitz"]
[Site "Chess.com"]
[Date "2020.08.25"]
[Round "1"]
[White "icychess54"]
[Black "EddieMarsalla"]
[Result "0-1"]
[WhiteElo "2236"]
[BlackElo "2560"]
[TimeControl "180+1"]
[EndTime "10:05:37 PDT"]
[Termination "EddieMarsalla won on time"]

1. c4 e5 2. Nf3 Nc6 3. Nc3 f5 4. e3 Nf6 5. Be2 Bb4 6. Qc2 Bxc3 7. Qxc3 d6 8. a3 O-O 9. O-O Kh8 10. b4 Qe8 11.
Bb2 Qg6 12. b5 Ne7 13. c5 Ned5 14. Qc2 Be6 15. a4 Ne4 16. cxd6 cxd6 17. d3 Rac8 18. Qd1 Nec3 19. Qd2 f4 20. e4 Nxe2+ 21. Qxe2 Nc7 22. Kh1 Bg4 23. d4 Qh5 24. Rac1 Ne6 25. dxe5 Ng5 26.
exd6 Nxf3 27. Bxg7+ Kxg7 28. Qb2+ Kh6 29. h3 Bxh3 0-1

[Event "*** SCC Grand Prix: Titled Tuesday Blitz"]
[Site "Chess.com"]
[Date "2020.08.25"]
[Round "1"]
[White "SaqoChess_Twitch"]
[Black "Beca95"]
[Result "0-1"]
[WhiteElo "2428"]
[BlackElo "2871"]
[TimeControl "180+1"]
[EndTime "10:05:39 PDT"]
[Termination "Beca95 won by resignation"]

1. d4 g6 2. c4 Bg7 3. Nc3 c5 4. d5 Bxc3+ 5. bxc3 f5 6. Nf3 d6 7. Qc2 Nf6 8. h4 Qa5 9. e3 Nbd7 10. Nd2 Nb6 11.
Be2 Bd7 12. h5 O-O-O 13. f3 Ba4 14. Qd3 Kb8 15. h6 Rhe8 16. Kf2 e6 17. e4 exd5 18. cxd5 fxe4 19. fxe4 Rf8 20. Bf3 Bb5 21. c4 Ng4+ 22.
Kg3 Ne5 23. Qc2 Bxc4 24. Bb2 Bd3 25. Qc3 Qb5 26. Qb3 Nbd7 27. Qxb5 Bxb5 28. a4 Ba6 29. Rab1 Rde8 30. Bc3 Kc7 31. Ba5+ b6 32. Bc3 g5 33. a5 b5 34. Rh5 b4 35. Bxe5 Nxe5 36. Rxg5 Rg8 37. Kh4 Rxg5 38. Kxg5 Rg8+ 39. Kh5 Bc8 40.
g4 Nxf3 41. Nxf3 Bxg4+ 42. Kh4 Bxf3 43. Rf1 Bxe4 44. Rf7+ Kb8 45. Rd7 b3 0-1

[Event "*** SCC Grand Prix: Titled Tuesday Blitz"]
[Site "Chess.com"]
[Date "2020.08.25"]
[Round "1"]
[White "ural58"]
[Black "Sesleria"]
[Result "1-0"]
[WhiteElo "2488"]
[BlackElo "2066"]
[TimeControl "180+1"]
[EndTime "10:05:39 PDT"]
[Termination "ural58 won by resignation"]

1. e4 c5 2. b3 Nc6 3. Bb2 Nf6 4. e5 Nd5 5. Nf3 d6 6. Bb5 Qb6 7. c4 Nf4 8. O-O Nd3 9. Qc2 Nxb2 10. Qxb2 Bf5 11. Nc3 e6 12. exd6 a6 13. Na4 Qa5 14.
Bxc6+ bxc6 15. d4 Rb8 16. d7+ Kxd7 17. Ne5+ Kc7 18. Nxf7 Qxa4 19. Nxh8 Qxc4 20. dxc5 Qg4 21. h3 Qf4 22. Nf7 Bxc5 23. Qxg7 Kb6 24. Ne5 Rb7 25.
Nd7+ Rxd7 26. Qxd7 Bxh3 27. Qd8+ Kb5 28. Qd3+ Kb6 29.
Qxh3 1-0

[Event "*** SCC Grand Prix: Titled Tuesday Blitz"]
[Site "Chess.com"]
[Date "2020.08.25"]
[Round "1"]
[White "londonkid"]
[Black "FairChess_on_YouTube"]
[Result "0-1"]
[WhiteElo "2449"]
[BlackElo "2993"]
[TimeControl "180+1"]
[EndTime "10:05:40 PDT"]
[Termination "FairChess_on_YouTube won by checkmate"]

1. d4 Nf6 2. c4 g6 3. Nc3 Bg7 4. Nf3 O-O 5. Bg5 h6 6. Bh4 d6 7. e3 c5 8. d5 a6 9. a4 Qb6 10. Rb1 Bg4 11. Be2 Nbd7 12. O-O g5 13. Bg3 Nh5 14. Nd2 Nxg3 15. hxg3 Bf5 16. e4 Bh7 17. f4 Kh8 18. Nf3 Rg8 19. f5 g4 20. Nd2 Bd4+ 21.
Kh1 Nf6 22. Nb3 Be5 23. a5 Qd8 24. Kg1 Bxg3 25. Qd3 Be5 26. Kf2 h5 27. Ke1 Qf8 28. Kd2 Qh6+ 29. Kc2 h4 30. Rh1 Rg5 31. Nd2 Rag8 32.
Rbf1 Rh5 33. Nd1 h3 34. gxh3 Rxh3 35. Rxh3 Qxh3 36. Ne3 Bd4 37. Nd1 Qxd3+ 38. Kxd3 g3 39.
Ne3 Nd7 40. Bf3 Ne5+ 41. Ke2 Bxb2 42. Rb1 Bc3 43. Ndf1 Bb4 44. Bg2 f6 45. Nc2 Bxa5 46.
Rxb7 Rg7 47. Rb8+ Bg8 48. Ra8 Nxc4 49. Rxa6 Bf7 50. Nfe3 Bh5+ 51. Kd3 Ne5# 0-1

[Event "*** SCC Grand Prix: Titled Tuesday Blitz"]
[Site "Chess.com"]
[Date "2020.08.25"]
[Round "1"]
[White "VMikhalevski"]
[Black "TomasKapitanchuk"]
[Result "1-0"]
[WhiteElo "2735"]
[BlackElo "2386"]
[TimeControl "180+1"]
[EndTime "10:05:40 PDT"]
[Termination "VMikhalevski won by checkmate"]

1. d4 Nf6 2. Nf3 e6 3. c4 c5 4. d5 exd5 5. cxd5 d6 6. Nc3 g6 7. Bf4 Bg7 8. e3 O-O 9. h3 Nh5 10. Bh2 f5 11. Be2 f4 12. e4 Nd7 13. Nd2 Qg5 14.
Bxh5 gxh5 15. O-O Ne5 16. Nf3 Qg6 17. Kh1 Bd7 18. a4 Kh8 19. Rg1 Rf7 20. Qe2 Rg8 21.
Nh4 Qf6 22. Qxh5 Nd3 23. Raf1 Nxb2 24. e5 Qxe5 25. Ng6# 1-0

[Event "*** SCC Grand Prix: Titled Tuesday Blitz"]
[Site "Chess.com"]
[Date "2020.08.25"]
[Round "1"]
[White "Susal_De_Silva"]
[Black "Volodar_Murzin"]
[Result "1-0"]
[WhiteElo "2357"]
[BlackElo "2657"]
[TimeControl "180+1"]
[EndTime "10:05:40 PDT"]
[Termination "Susal_De_Silva won on time"]

1. e4 c5 2. Nf3 d6 3. Bb5+ Nd7 4. O-O a6 5. Bd3 Ngf6 6. Re1 e6 7.
c3 Be7 8. Bc2 O-O 9. a4 b6 10.
d4 Bb7 11. Nbd2 Qc7 12. Nf1 Rfc8 13. Bb1 Nf8 14. Ng3 Ng6 15. Ba2 cxd4 16. cxd4 Qc2 17. d5 Qxd1 18. Rxd1 exd5 19. exd5 Bf8 20. Be3 b5 21. a5 1-0

[Event "*** SCC Grand Prix: Titled Tuesday Blitz"]
[Site "Chess.com"]
[Date "2020.08.25"]
[Round "1"]
[White "MVM2008"]
[Black "Oglob71"]
[Result "0-1"]
[WhiteElo "2214"]
[BlackElo "2544"]
[TimeControl "180+1"]
[EndTime "10:05:41 PDT"]
[Termination "Oglob71 won by resignation"]

1. d4 Nf6 2. Nf3 e6 3. c4 b6 4. Nc3 Bb4 5. a3 Bxc3+ 6. bxc3 Bb7 7. g3 d6 8. Bg2 Nbd7 9. O-O O-O 10. Qc2 Be4 11. Qd1 Qc8 12. Nd2 Bxg2 13. Kxg2 c5 14.
Nf3 Qc6 15. Kg1 Rac8 16. Bf4 Rfd8 17. Qd3 e5 18. d5 Qc7 19. e4 exf4 20. gxf4 Re8 21.
Kh1 Rxe4 22. Rg1 Rce8 23. Ng5 Rxf4 24. Qg3 Rg4 25. Qh3 h5 26. f3 Rxg1+ 27. Rxg1 Ne5 28. Qg3 Ng6 29. f4 Qd7 30. Nf3 Qf5 31. Nh4 Qg4 0-1

[Event "*** SCC Grand Prix: Titled Tuesday Blitz"]
[Site "Chess.com"]
[Date "2020.08.25"]
[Round "1"]
[White "RenarddesSurfaces"]
[Black "NotFischer"]
[Result "1-0"]
[WhiteElo "2517"]
[BlackElo "2177"]
[TimeControl "180+1"]
[EndTime "10:05:43 PDT"]
[Termination "RenarddesSurfaces won by resignation"]

1. e4 g6 2. d4 Bg7 3. Nc3 c6 4.
Be3 d5 5. f3 dxe4 6. fxe4 Nf6 7. h3 O-O 8. Nf3 Nbd7 9. Bc4 Qa5 10. O-O e5 11. d5 Qb4 12. Qd3 Nc5 13. a3 Nxd3 14. axb4 Nxb4 15. Bc5 Nxc2 16. Rac1 Nd4 17. Bxf8 Nxf3+ 18. Rxf3 Kxf8 19. Rcf1 Ke7 20. d6+ Kxd6 21. Rxf6+ Bxf6 22. Rxf6+ Kc5 23. Bxf7 b5 24. Bg8 a5 25.
Bxh7 b4 26. Na4+ Kb5 27. b3 Ba6 28. Bxg6 Rd8 29. Bf7 Rd1+ 30. Kh2 Rd4 31. Bd5 Bb7 32. h4 Rxd5 33. exd5 1-0

[Event "*** SCC Grand Prix: Titled Tuesday Blitz"]
[Site "Chess.com"]
[Date "2020.08.25"]
[Round "1"]
[White "viniciusrego"]
[Black "Matveev_Vladimir"]
[Result "0-1"]
[WhiteElo "2213"]
[BlackElo "2543"]
[TimeControl "180+1"]
[EndTime "10:05:44 PDT"]
[Termination "Matveev_Vladimir won by resignation"]

1. d4 Nf6 2. c4 g6 3. Nc3 Bg7 4. e4 O-O 5. Nf3 d6 6. Be2 e5 7. dxe5 dxe5 8. Qxd8 Rxd8 9. Bg5 Re8 10. O-O-O Na6 11. Ne1 c6 12. f3 Nc5 13. Nd3 Nxd3+ 14. Bxd3 Be6 15. Be3 Nd7 16. b3 Bf8 17. Na4 f5 18.
exf5 gxf5 19. g4 e4 20. gxf5 exd3 21. Rhg1+ Kf7 22. fxe6+ Rxe6 23. Rxd3 Ne5 24. Rd4 Ng6 25. Bd2 b5 26. cxb5 cxb5 27. Rd7+ Ke8 28. Rxh7 bxa4 29.
bxa4 Rc8+ 30. Kd1 Rd8 31. Re1 Rxd2+ 0-1

[Event "*** SCC Grand Prix: Titled Tuesday Blitz"]
[Site "Chess.com"]
[Date "2020.08.25"]
[Round "1"]
[White "BogdanDeac"]
[Black "guillembaches"]
[Result "1-0"]
[WhiteElo "2848"]
[BlackElo "2419"]
[TimeControl "180+1"]
[EndTime "10:05:45 PDT"]
[Termination "BogdanDeac won by resignation"]

1. e4 c5 2. Nf3 d6 3. d4 cxd4 4. Nxd4 Nf6 5. Nc3 a6 6. h4 e5 7. Nb3 h5 8. Bg5 Be6 9. Nd5 Nbd7 10. c4 Be7 11. Nxe7 Qxe7 12. f3 Rc8 13. Rc1 Nc5 14.
Be2 Nxb3 15. axb3 Qc7 16. Qd2 Nd7 17. b4 O-O 18. Be7 Qb6 19. Bxd6 Rfd8 20. c5 Qc6 21. O-O Nf8 22. Qg5 Ng6 23. Bxe5 Nxe5 24. Qxe5 Rd2 25.
Rf2 Rcd8 26. Qc3 g6 27. Bf1 Rd1 28. Rxd1 Rxd1 29. Rd2 Rxd2 30. Qxd2 a5 31. Qd8+ Kg7 32. Qd4+ Kg8 33. bxa5 Qc7 34. b4 Qd6 35. cxd6 1-0

[Event "*** SCC Grand Prix: Titled Tuesday Blitz"]
[Site "Chess.com"]
[Date "2020.08.25"]
[Round "1"]
[White "Chernobay_Artem"]
[Black "marcocordeiro2013"]
[Result "1-0"]
[WhiteElo "2555"]
[BlackElo "2228"]
[TimeControl "180+1"]
[EndTime "10:05:45 PDT"]
[Termination "Chernobay_Artem won on time"]

1. d4 c5 2. d5 f5 3. c4 Nf6 4. e4 fxe4 5. f3 d6 6. fxe4 g6 7. Nc3 Bg7 8. Nf3 O-O 9. Be2 Na6 10.
O-O Nc7 11. Bg5 a6 12. e5 Ng4 13. exd6 Qxd6 14. Ne4 Qb6 15. Bxe7 Ne3 16. Bxc5 Nxd1 17. Bxb6 1-0

[Event "*** SCC Grand Prix: Titled Tuesday Blitz"]
[Site "Chess.com"]
[Date "2020.08.25"]
[Round "1"]
[White "Gennady_Kozlov"]
[Black "Falia-p"]
[Result "0-1"]
[WhiteElo "2574"]
[BlackElo "2280"]
[TimeControl "180+1"]
[EndTime "10:05:46 PDT"]
[Termination "Falia-p won by resignation"]

1. b3 Nf6 2. Bb2 g6 3. e3 Bg7 4. f4 d5 5. Nf3 c6 6. Be2 O-O 7.
O-O Bf5 8. a4 Re8 9. Na3 Na6 10.
Bxa6 bxa6 11. Ne5 Qc7 12. Qe2 Nd7 13. Qxa6 Nxe5 14. fxe5 Bxe5 15. Bxe5 Qxe5 16. Qxc6 Rec8 17. Qa6 Bxc2 18. Rac1 Bf5 19. Rxc8+ Rxc8 20. Qxa7 Bd3 21. Qd7 Bf5 22. Qb5 e6 23. Qd7 Rf8 24. Nb5 Bd3 25. Rc1 Qb2 26. Qc6 Qxd2 27. Qc5 Be4 0-1

[Event "*** SCC Grand Prix: Titled Tuesday Blitz"]
[Site "Chess.com"]
[Date "2020.08.25"]
[Round "1"]
[White "ChristopherYoo"]
[Black "Makswolf200817"]
[Result "1-0"]
[WhiteElo "2846"]
[BlackElo "2418"]
[TimeControl "180+1"]
[EndTime "10:05:47 PDT"]
[Termination "ChristopherYoo won by resignation"]

1. e4 e6 2. d4 d5 3. Nc3 Bb4 4.
exd5 exd5 5. Qf3 Ne7 6. a3 Bd6 7. Bd3 Nbc6 8. Nge2 a6 9. Bg5 Be6 10. O-O Qd7 11. h3 h6 12. Bf4 Bxf4 13. Qxf4 O-O-O 14. b4 g5 15. Qf6 Rdg8 16. Ng3 h5 17. Na4 h4 18.
Nc5 Qd6 19. Nf5 Bxf5 20. Bxf5+ Nxf5 21. Qxf5+ Kb8 22. c3 Ne7 23. Qd7 Qf6 24. Rae1 Re8 25. Qxe8+ 1-0

[Event "*** SCC Grand Prix: Titled Tuesday Blitz"]
[Site "Chess.com"]
[Date "2020.08.25"]
[Round "1"]
[White "vugarrasulov"]
[Black "Diego_FloresQ"]
[Result "1-0"]
[WhiteElo "2830"]
[BlackElo "2414"]
[TimeControl "180+1"]
[EndTime "10:05:47 PDT"]
[Termination "vugarrasulov won by resignation"]

1. c4 c5 2. Nc3 Nc6 3. g3 g6 4. Bg2 Bg7 5. Nf3 e6 6. O-O Nge7 7. a3 d5 8. cxd5 exd5 9. b4 cxb4 10. axb4 Nxb4 11.
Ba3 Nbc6 12. Nb5 O-O 13. Rb1 b6 14. d3 Ba6 15. Qa4 Bb7 16. Nd6 Qd7 17. Rfc1 Rad8 18.
h4 Ba8 19. h5 Ne5 20. Qh4 Nxf3+ 21. Bxf3 Qe6 22. Nb5 Rd7 23. Rc7 Bf6 24. Qa4 a5 25. Nd4 Bxd4 26. Qxd7 Qxd7 27. Rxd7 f5 1-0

[Event "*** SCC Grand Prix: Titled Tuesday Blitz"]
[Site "Chess.com"]
[Date "2020.08.25"]
[Round "1"]
[White "GOGIEFF"]
[Black "chenxiaoyuer"]
[Result "1-0"]
[WhiteElo "2853"]
[BlackElo "2420"]
[TimeControl "180+1"]
[EndTime "10:05:50 PDT"]
[Termination "GOGIEFF won by checkmate"]

1. d4 Nf6 2. c4 g6 3. Nc3 Bg7 4. e4 d6 5. Be2 O-O 6. Bg5 Na6 7.
Nf3 e5 8. d5 h6 9. Bh4 g5 10. Bg3 Nxe4 11. Nxe4 f5 12. Nfd2 fxe4 13. Nxe4 Bf5 14. Bd3 Qd7 15. O-O Rf7 16. a3 Bxe4 17. Bxe4 Nc5 18. Bg6 Rf6 19. Bc2 a5 20. b4 axb4 21.
axb4 Rxa1 22. Qxa1 Na6 23. Rb1 h5 24. h4 gxh4 25.
Bxh4 Rf4 26. Bg5 Rxc4 27. b5 Rxc2 28. bxa6 bxa6 29. Rb8+ Kh7 30. Qd1 Qf5 31. Qxh5+ Bh6 32. Qxh6# 1-0

[Event "*** SCC Grand Prix: Titled Tuesday Blitz"]
[Site "Chess.com"]
[Date "2020.08.25"]
[Round "1"]
[White "GukeshDommaraju"]
[Black "dpopadic"]
[Result "1-0"]
[WhiteElo "2709"]
[BlackElo "2372"]
[TimeControl "180+1"]
[EndTime "10:05:51 PDT"]
[Termination "GukeshDommaraju won by resignation"]

1. e4 c5 2. Nf3 Nc6 3. Bb5 g5 4. Nxg5 Nf6 5. d3 Nd4 6. Bc4 d5 7. exd5 b5 8. c3 bxc4 9. cxd4 cxd3 10. Nc3 cxd4 11. Qa4+ Bd7 12. Qxd4 h6 13. Nge4 Bg7 14. Qxd3 Nxe4 15. Qxe4 O-O 16. O-O Rb8 17. Bf4 Rb6 18. Be5 Rg6 19. Bxg7 Rxg7 20. Rfe1 Re8 21. Re3 Qb6 22.
b3 Qf6 23. Rd1 Bf5 24. Qe5 Qxe5 25. Rxe5 Bd7 26. d6 e6 27. Ne4 Rg6 28. h4 Kg7 29.
h5 Rg4 30. f3 Rf4 31. Rc5 a6 32. Rc7 Rd8 33. Nc5 Bb5 34. Nxe6+ 1-0

[Event "*** SCC Grand Prix: Titled Tuesday Blitz"]
[Site "Chess.com"]
[Date "2020.08.25"]
[Round "1"]
[White "PSvidler"]
[Black "Nafania1"]
[Result "1-0"]
[WhiteElo "2962"]
[BlackElo "2448"]
[TimeControl "180+1"]
[EndTime "10:05:52 PDT"]
[Termination "PSvidler won by resignation"]

1. e4 e6 2. d4 d5 3. Nd2 Be7 4. Bd3 c5 5. dxc5 Nf6 6. Qe2 O-O 7. Ngf3 a5 8. a4 Na6 9. exd5 exd5 10. O-O Nxc5 11.
Bb5 Nce4 12. Rd1 Qc7 13. Nf1 Bc5 14. Be3 b6 15. h3 h6 16. Bd4 Bd7 17. Ne3 Bxb5 18.
Qxb5 Rad8 19. c3 Rfe8 20. Bxc5 Qxc5 21. Nd4 Qxb5 22. axb5 g6 23. Nc6 Rd6 24. Rd4 Nc5 25.
Rad1 Nb3 26. Rf4 Kg7 27. Nc4 Rxc6 28. bxc6 dxc4 29. Rxc4 b5 30. c7 bxc4 31. Rd8 Re1+ 32. Kh2 Nd2 33. Rxd2 1-0

[Event "*** SCC Grand Prix: Titled Tuesday Blitz"]
[Site "Chess.com"]
[Date "2020.08.25"]
[Round "1"]
[White "Kingfisher246"]
[Black "ShadowJolteon"]
[Result "0-1"]
[WhiteElo "1199"]
[BlackElo "2451"]
[TimeControl "180+1"]
[EndTime "10:05:52 PDT"]
[Termination "ShadowJolteon won by resignation"]

1. e4 c6 2. d4 d5 3. e5 c5 4. dxc5 e6 5. Be3 Nd7 6. Nf3 Bxc5 7. Bxc5 Nxc5 8. c4 Ne7 9. Nc3 O-O 10. Be2 dxc4 11.
Bxc4 b6 12. O-O Bb7 13. Qe2 Ng6 14. Rfe1 Qe7 15. Rad1 a5 16. Nb5 Rfd8 17. Nd6 Bxf3 18.
gxf3 Nf4 19. Qf1 Qh4 20. Kh1 Qh5 21. Rd3 Nfxd3 0-1

[Event "*** SCC Grand Prix: Titled Tuesday Blitz"]
[Site "Chess.com"]
[Date "2020.08.25"]
[Round "1"]
[White "jefferyx"]
[Black "sergivila"]
[Result "1-0"]
[WhiteElo "2908"]
[BlackElo "2438"]
[TimeControl "180+1"]
[EndTime "10:05:55 PDT"]
[Termination "jefferyx won by resignation"]

1. d4 Nf6 2. Nf3 d5 3. c4 e6 4. g3 dxc4 5. Bg2 Bd7 6. Ne5 Bc6 7. Nxc6 Nxc6 8. e3 Qd7 9. Qa4 Nb4 10. Qxd7+ Kxd7 11. Na3 Rb8 12. O-O b5 13. Rd1 Be7 14. Bd2 Nd3 15.
Bc3 Nd5 16. Ba5 Nxb2 17. Nc2 Nxd1 18. Rxd1 Rhc8 19. e4 Nb6 20. d5 exd5 21. exd5 Ke8 22. Nd4 Bd6 23. Nxb5 a6 24. Na7 Na4 25. Nxc8 Rxc8 26.
Bf1 c3 27. Bxa6 Rb8 28. Bc4 Rb2 29. Bb3 Nc5 30. Re1+ Kd7 31. Bxc3 Rxb3 32. axb3 Nxb3 33. Bxg7 Nc5 34. Re3 1-0